 Dungeon Crawl Stone Soup version 0.32-a0-7-ge934b4519a (webtiles) character file.

Game seed: 4911081014488969918

518 Laraso the Carver (level 7, 51/57 HPs)
             Began as a Pale Draconian Monk on Jan 13, 2024.
             Quit the game on level 4 of the Dungeon.
             The game lasted 00:03:29 (3032 turns).

Laraso the Carver (Pale Draconian Monk)             Turns: 3032, Time: 00:03:30

Health: 51/57      AC:  6    Str: 13    XL:     7   Next: 1%
Magic:  7/7        EV: 13    Int: 10    God:
Gold:   176        SH:  0    Dex: 16    Spells: 6/6 levels left

rFire   . . .        a - +1 falchion
rCold   . . .        c - orb {light}
rNeg    . . .        (body armour unavailable)
rPois   .            (helmet restricted)
rElec   .            (no cloak)
rCorr   .            (no gloves)
SInv    .            (no boots)
Will    .....        k - amulet of the acrobat
Stlth   +            (no ring)
HPRegen 0.29/turn    (no ring)
MPRegen 0.10/turn

%: acrobat
@: mildly poisoned (51 -> 47), glowing
A: breathe steam, AC +6, unfitting armour, cold-blooded, steam resistance
a: Breathe Steam


You were on level 4 of the Dungeon.
You visited 1 branch of the dungeon, and saw 4 of its levels.

You collected 176 gold pieces.

Inventory:

Hand Weapons
 a - a +1 falchion (weapon)
Armour
 c - an orb of light (worn)
Jewellery
 k - an amulet of the acrobat (around neck)
Scrolls
 d - 3 scrolls of fog
 g - a scroll of fear {unknown}
 h - a scroll of enchant weapon
 i - a scroll of vulnerability {unknown}
 j - a scroll of revelation
 n - a scroll of identify
Potions
 b - a potion of cancellation
 e - a potion of ambrosia
 f - 2 potions of heal wounds
 l - a potion of lignification {unknown}
 m - a potion of might
 o - a potion of mutation {unknown}
 p - a potion of curing {unknown}


   Skills:
 - Level 3.2 Fighting
 * Level 8.0 Long Blades
 - Level 2.6 Dodging


You had 6 spell levels left.
You didn't know any spells.
Your spell library contained the following spells:

 Spells                   Type           Power      Damage    Failure   Level
 Apportation              Tloc           0%         N/A       36%         1
 Cigotuvi's Dreadful Rot  Necr/Alch/Air  0%         N/A       50%         2
 Jinxbite                 Hex            0%         N/A       50%         2
 Ignite Poison            Fire/Alch      0%         N/A       98%         4
 Alistair's Intoxication  Alch           0%         N/A       100%        5
 Freezing Cloud           Conj/Ice/Air   0%         6-21      100%        5


Dungeon Overview and Level Annotations

Branches:
Dungeon (4/15)
 Temple: D:4-7

Altars:
The Shining One

Shops:
D:3 (


Innate Abilities, Weirdness & Mutations

You can breathe blasts of scalding, opaque steam.
Your pale cyan-grey scales are hard. (AC +6)
You cannot fit into any form of body armour.
You are cold-blooded and may be slowed by cold attacks.
You are immune to the effects of steam.


Message History

You tail-slap the gnoll, but do no damage.
The gnoll is almost dead.
The gnoll barely misses you.
You slash the gnoll!
You kill the gnoll!
You hit the gnoll.
The gnoll is heavily wounded.
The gnoll hits you with a +0 club.
You slash the gnoll!
You kill the gnoll!
Your Long Blades skill increases to level 8!
Things that are here:
a +0 club; a +0 whip
f - 2 potions of heal wounds (gained 1)
You see here a +0 club.
n - a scroll of identify You pick up a Trismegistus Codex and begin reading...
You add the spells Cigotuvi's Dreadful Rot, Ignite Poison and Freezing Cloud to your library.
An adder comes into view.
An adder is nearby!
An adder is nearby!
The adder hisses angrily.
You hit the adder but do no damage.
Your tail-slap misses the adder.
The adder barely misses you.
You closely miss the adder. The adder bites you.
You are poisoned.
The adder poisons you! The adder closely misses you.
You barely miss the adder.
You tail-slap the adder, but do no damage.
You feel sick. The adder barely misses you.
You slash the adder!
You kill the adder!
You feel sick.
You have reached level 7!
Your scales start taking on a pale cyan-grey colour.
You learn Fire Magic quicker.
You learn Air Magic quicker.
You learn Evocations quicker.
You can breathe blasts of scalding, opaque steam.
You are now immune to the effects of steam.
Are you sure you want to abandon this character and quit the game? (Confirm with "yes".)

#### #.. #### #####
#.# .... ...###.##
#..###.##.#.########
...#...###........
#.#..#.#.########
#.@..##.## #†#.###.#
...#.# #.# .......#
#.# ##.###### #.# #.
..# #.# # #.# #.#
####.## #.#
#.....####.###########


There were no monsters in sight!

Vanquished Creatures
  A black bear (D:4)
  Blork the orc (D:3)
  A scorpion (D:4)
  A hound (D:4)
  Natasha (thrice) (D:2)
  Robin (D:4)
  6 gnolls
  4 adders
  4 dart slugs
  A ribbon worm (D:2)
  5 orcs
  8 ball pythons
  5 bats
  9 endoplasms
  2 giant cockroaches
  10 goblins
  7 hobgoblins
  6 jackals (D:2)
  A quokka (D:4)
  2 frilled lizards (D:2)
  5 kobolds
  3 rats
86 creatures vanquished.

Notes
Turn   | Place    | Note
-------+----------+-------------------------------------------
     0 | D:1      | Laraso the Draconian Monk began the quest for the Orb.
     0 | D:1      | Reached XP level 1. HP: 19/19 MP: 1/1
    37 | D:1      | You fall into a shaft and drop 1 floor!
    83 | D:2      | Reached XP level 2. HP: 26/26 MP: 2/2
   254 | D:3      | Reached skill level 4 in Long Blades
   311 | D:3      | Found a glowing golden altar of the Shining One.
   350 | D:3      | Reached XP level 3. HP: 30/31 MP: 3/3
  1303 | D:2      | Noticed Natasha
  1308 | D:2      | Killed Natasha
  1309 | D:2      | Reached skill level 5 in Long Blades
  1309 | D:2      | Reached XP level 4. HP: 37/38 MP: 4/4
  1594 | D:2      | Identified the +5 ring mail of Qisonnic {rElec rPois rN+++
                  | Dex-4}
  1612 | D:2      | Noticed Natasha
  1618 | D:2      | Killed Natasha
  1619 | D:2      | Reached XP level 5. HP: 40/45 MP: 5/5
  1777 | D:2      | Noticed Natasha
  1787 | D:2      | Killed Natasha
  1788 | D:2      | Reached skill level 6 in Long Blades
  2225 | D:3      | Found Falo's Weapon Emporium.
  2498 | D:4      | Noticed Blork the orc
  2498 | D:4      | Noticed Robin
  2533 | D:3      | Killed Blork the orc
  2534 | D:3      | Reached skill level 7 in Long Blades
  2534 | D:3      | Reached XP level 6. HP: 19/51 MP: 6/6
  2755 | D:4      | Killed Robin
  2896 | D:4      | Reached skill level 8 in Long Blades
  3032 | D:4      | Your scales start taking on a pale cyan-grey colour.
  3032 | D:4      | Reached XP level 7. HP: 51/57 MP: 7/7
  3032 | D:4      | Gained mutation: You are immune to the effects of steam.
                  | [Pale Draconian growth]
  3032 | D:4      | Quit the game

Illustrated notes

Levels and vault maps discovered:
D:1:      dpeg_arrival_simpleton_a, layout_basic, nicolae_the_louvre
D:2:      layout_basic, uniq_natasha
D:3:      layout_rooms, mainiacjoe_overflow_cross_hatched, serial_shops, shop
D:4:      layout_loops_ring, dk_yredelemnul_ordeal, nicolae_uskayaw_dance_hall,
          nemelex_diamond_rough_becter, minmay_temple_entry_enclosed_plants,
          uniq_crazy_yiuf_cottage, uniq_blork_the_orc, uniq_robin

Skill      XL: |  1  2  3  4  5  6 |
---------------+-------------------+-----
Long Blades    | 4 5 7 8 |  8.0
Fighting       | |  3.2
Dodging        | |  2.6

Action                     |  1- 3 |  4- 6 |  7- 9 || total
---------------------------+-------+-------+-------++-------
  Melee: Falchion          |    89 |   160 |       ||   249
         Tailslap          |    15 |    29 |       ||    44
    Use: Potion            |     2 |       |       ||     2
         Scroll            |     3 |     4 |       ||     7
 Armour: Skin              |    53 |    76 |       ||   129
  Dodge: Dodged            |    78 |   110 |       ||   188

Table legend: (Time is in decaauts)
 A = Elapsed time spent in this place.
 B = Non-inter-level travel time spent in this place.
 C = Inter-level travel time spent in this place.
 D = Time resting spent in this place.
 E = Time spent auto-exploring this place.
 F = Levels seen in this place.
 G = Mean time per level.
                   A        B        C        D        E       F      G
               +--------+--------+--------+--------+--------+-----+--------+
         Total |   3062 |   2985 |     77 |    235 |   2013 |   4 |  765.5 |
       Dungeon |   3062 |   2985 |     77 |    235 |   2013 |   4 |  765.5 |
               +--------+--------+--------+--------+--------+-----+--------+

Top non-repeatable levels by time:
     D:2: 1279 daAuts
     D:1: 728 daAuts
     D:3: 672 daAuts
     D:4: 382 daAuts
